 Dungeon Crawl Stone Soup version 0.17.0-15-g6d90897 (webtiles) character file.

7311 panicbit the Blocker (level 10, -19/89 HPs)
             Began as a Minotaur Fighter on Nov 10, 2015.
             Was a High Priest of Okawaru.
             Demolished by an ogre
             ... wielding a +0 giant spiked club
              (24 damage)
             ... on level 11 of the Dungeon.
             The game lasted 00:53:39 (10692 turns).

panicbit the Blocker (Minotaur Fighter)            Turns: 10692, Time: 00:53:40

Health: -19/89     AC: 16    Str: 27    XL:     10   Next: 90%
Magic:  9/9        EV:  9    Int:  5    God:    Okawaru [*****.]
Gold:   142        SH: 13    Dex: 16    Spells: 0 memorised, 9 levels left

rFire  . . .     SeeInvis .     w - +0 war axe
rCold  + . .     Clarity  .     F - +5 scale mail "Qoitefe" {rN+ Str+2 Dex+2 Stlth+}
rNeg   + . .     SustAt   .     c - +0 shield
rPois  .         Gourm    +     o - +1 hat
rElec  .         Spirit   .     (no cloak)
rCorr  .         Warding  .     X - +0 pair of gloves
rMut   .         Stasis   .     (no boots)
MR     .....                    u - amulet of the gourmand
Stlth  +++.......               R - ring of protection from cold
                                b - ring of stealth

@: mighty, not resistant to hostile enchantments, fairly stealthy
A: retaliatory headbutt, horns 2
a: Heroism, Finesse, Renounce Religion


You were on level 11 of the Dungeon.
You worshipped Okawaru.
Okawaru was extremely pleased with you.
You were very full.

You visited 2 branches of the dungeon, and saw 12 of its levels.

You collected 430 gold pieces.
You spent 288 gold pieces at shops.

Inventory:

Hand Weapons
 f - a +2 flail of protection
 m - a +0 morningstar
 w - a +0 war axe (weapon)
Missiles
 V - 16 bolts
Armour
 c - a +0 shield (worn)
 o - a +1 hat (worn)
 y - a +0 plate armour
 F - the +5 scale mail "Qoitefe" (worn) {rN+ Str+2 Dex+2 Stlth+}
   (You found it on level 5 of the Dungeon)

   It affects your strength (+2).
   It affects your dexterity (+2).
   It protects you from negative energy.
   It makes you more stealthy.
 X - a +0 pair of gloves (worn)
Jewellery
 b - a ring of stealth (left hand)
 u - an amulet of the gourmand (around neck)
 C - the amulet "Zidy" {Inacc +Inv Int+3 Dex-5}
   (You found it on level 4 of the Dungeon)

   [amulet of inaccuracy]

   It reduces the accuracy of all your attacks.
   It affects your intelligence (+3).
   It affects your dexterity (-5).
   It lets you turn invisible.
 R - a ring of protection from cold (right hand)
 T - an uncursed ring of protection from cold
Wands
 r - a wand of paralysis (8)
 O - a wand of disintegration (18)
Scrolls
 g - 5 scrolls of enchant weapon
 i - a scroll of random uselessness {unknown}
 k - a scroll of noise {unknown}
 n - 2 scrolls of blinking {unknown}
 p - 2 scrolls of immolation {unknown}
 q - 2 scrolls of amnesia
 D - a scroll of magic mapping {unknown}
 G - 9 scrolls of identify
 J - 4 scrolls of fog {unknown}
 L - 5 scrolls of teleportation
 M - a scroll of recharging {unknown}
 P - 2 scrolls of remove curse
 Q - a scroll of summoning {unknown}
 S - 2 scrolls of fear {unknown}
 U - a scroll of enchant armour {unknown}
 Y - a scroll of silence
 Z - a scroll of vulnerability {unknown}
Potions
 a - a potion of mutation {unknown}
 d - 3 potions of might
 h - 4 potions of heal wounds {unknown}
 j - a potion of cure mutation {unknown}
 l - 3 potions of magic {unknown}
 s - a potion of brilliance {unknown}
 t - a potion of ambrosia {unknown}
 v - 2 potions of flight {unknown}
 x - 3 potions of curing {unknown}
 B - a potion of berserk rage {unknown}
 E - 7 potions of poison {unknown}
 N - a potion of lignification {unknown}
 W - a potion of agility {unknown}
Comestibles
 e - 6 bread rations
 z - 5 fruits
 A - 3 beef jerkies
 I - 3 meat rations
 K - 8 slices of pizza


   Skills:
 + Level 8.3 Fighting
 + Level 9.4 Axes
 + Level 9.7 Armour
 + Level 7.8 Dodging
 + Level 3.2 Stealth
 + Level 10.1 Shields
 + Level 1.1 Invocations


You had 9 spell levels left.
You didn't know any spells.

Dungeon Overview and Level Annotations

Branches:
Dungeon (11/15)            Temple (1/1) D:7            Lair (0/8) D:10
    Orc: D:9-12

Altars:
Ashenzari
Cheibriados
Dithmenos
Elyvilon
Fedhas
Gozag
Kikubaaqudgha
Makhleb
Nemelex Xobeh
Okawaru
Qazlal
Ru
Sif Muna
Trog
Vehumet
Xom
Yredelemnul
Zin
The Shining One

Shops:
D:10 *


Innate Abilities, Weirdness & Mutations

You reflexively headbutt those who attack you in melee.
You have a pair of horns on your head.


Message History

An ogre comes into view. It is wielding a giant spiked club.
The ogre shouts!
The slime creature closely misses you. You furiously retaliate!
You headbutt the slime creature!
A crimson imp comes into view.
The ogre hits you with a giant spiked club.
* * * LOW HITPOINT WARNING * * *
Drink which item? (? for menu, Esc to quit)
You feel very mighty all of a sudden. The slime creature hits you.
* * * LOW HITPOINT WARNING * * *
You see here a lamp of fire.
A sky beast comes into view.
A sky beast comes into view.
You block the slime creature's attack. You block the slime creature's attack.
You feel like a meek peon again.
There is a stone staircase leading up here.
The ogre hits you with a giant spiked club!!
You die...

......##.##.#..##.#
#............#..... #.
##...#......##......
#.###...###)...#........
#.......# #....#..#.####
#.......###....#....#
#.......##..........#
................###.#
.......@##......####.#
.......O##...}.|.......
#......J........##......
#..............## ..#..
#.Y............### ....
...................
.#.................
....................
####.....#..........


You could see a slime creature, a sky beast (sleeping) and an ogre.

Vanquished Creatures
  An unseen horror (D:10)
  A hill giant (D:10)
  The ghost of tp1 the Infuser, a novice DECj of Vehumet (D:8)
  Joseph (D:7)
  A two-headed ogre (D:8)
  A troll (D:11)
  3 slime creatures (D:11)
  A wraith (D:10)
  Sigmund (D:2)
  A hog (D:7)
  A hippogriff (D:7)
  A human (D:7)
  Edmund (D:6)
  A phantom (D:9)
  3 sky beasts
  7 ice beasts
  3 orc warriors
  3 ogres
  2 centaurs
  2 giant frogs
  A scorpion (D:4)
  A gnoll sergeant (D:7)
  4 killer bees (D:7)
  11 wights
  A centaur zombie (D:10)
  A giant frog skeleton (D:10)
  2 orc priests (D:7)
  7 hounds
  A jelly (D:5)
  2 orc wizards
  Natasha (twice) (D:3)
  3 iguanas
  3 killer bee zombies
  10 worker ants
  3 sheep (D:7)
  2 hound zombies (D:6)
  A river rat (D:10)
  2 worker ant zombies
  5 gnolls (D:7)
  A shadow imp (D:10)
  13 adders
  3 oozes
  3 adder zombies
  A worm (D:2)
  9 giant geckos
  12 orcs
  2 ball pythons
  11 bats
  A bat zombie (D:7)
  3 giant cockroaches
  6 goblins
  2 hobgoblins
  27 jackals
  5 kobolds
  5 quokkas
  3 giant newts
  A jackal skeleton (D:5)
  7 rats
  A rat zombie (D:7)
214 creatures vanquished.

Vanquished Creatures (others)
  An orc wizard (D:6)
1 creature vanquished.

Grand Total: 215 creatures vanquished

Notes
Turn   | Place    | Note
--------------------------------------------------------------
     0 | D:1      | panicbit the Minotaur Fighter began the quest for the Orb.
     0 | D:1      | Reached XP level 1. HP: 19/19 MP: 0/0
   226 | D:1      | Reached XP level 2. HP: 27/27 MP: 1/1
   489 | D:1      | Reached skill level 4 in Shields
  1068 | D:2      | Noticed Sigmund
  1369 | D:2      | Reached XP level 3. HP: 33/33 MP: 2/2
  1437 | D:2      | Found a glowing golden altar of the Shining One.
  1755 | D:3      | Found an iron altar of Okawaru.
  1770 | D:3      | Became a worshipper of Warmaster Okawaru
  1872 | D:3      | Reached skill level 1 in Dodging
  1872 | D:3      | Reached XP level 4. HP: 35/40 MP: 3/3
  2198 | D:3      | Found a bloodstained altar of Trog.
  2324 | D:3      | Noticed Natasha
  2328 | D:3      | Killed Natasha
  2328 | D:3      | Reached skill level 5 in Shields
  2328 | D:3      | Reached XP level 5. HP: 46/46 MP: 4/4
  2402 | D:4      | Reached skill level 5 in Armour
  2581 | D:4      | Found a snail-covered altar of Cheibriados.
  2659 | D:4      | Noticed an ogre
  2668 | D:5      | Entered Level 5 of the Dungeon
  2799 | D:5      | Reached XP level 6. HP: 37/53 MP: 5/5
  3051 | D:4      | Killed an ogre
  3051 | D:4      | Reached * piety under Okawaru
  3101 | D:4      | Got a bound platinum amulet
  3103 | D:4      | Identified the amulet "Zidy" {Inacc +Inv Int+3 Dex-5} (You found it on level 4 of the Dungeon)
  3177 | D:4      | Reached skill level 6 in Shields
  3568 | D:5      | Got an ichor-stained scale mail
  3579 | D:5      | Identified the +5 scale mail "Qoitefe" {rN+ Str+2 Dex+2 Stlth+} (You found it on level 5 of the Dungeon)
  3583 | D:5      | Noticed an ogre
  3594 | D:5      | Killed an ogre
  3594 | D:5      | Reached XP level 7. HP: 46/60 MP: 6/6
  3949 | D:5      | Noticed a sky beast
  3962 | D:5      | Killed a sky beast
  3962 | D:5      | Reached skill level 5 in Fighting
  4071 | D:5      | Reached skill level 5 in Axes
  4219 | D:6      | Reached skill level 1 in Stealth
  4437 | D:6      | Reached ** piety under Okawaru
  4437 | D:6      | Reached skill level 7 in Shields
  4438 | D:6      | Reached XP level 8. HP: 35/68 MP: 7/7
  4493 | D:6      | Noticed Edmund
  4506 | D:6      | Killed Edmund
  5356 | D:3      | Noticed Natasha
  5363 | D:3      | Killed Natasha
  6186 | D:2      | Found a glowing golden altar of the Shining One.
  6246 | D:2      | Killed Sigmund
  6443 | D:7      | Found a staircase to the Ecumenical Temple.
  6541 | D:7      | Noticed Joseph
  6552 | D:7      | Killed Joseph
  6552 | D:7      | Reached *** piety under Okawaru
  6552 | D:7      | Reached skill level 8 in Armour
  6552 | D:7      | Reached XP level 9. HP: 72/78 MP: 5/8
  6584 | D:7      | Reached skill level 5 in Dodging
  6835 | D:7      | Received a gift from Okawaru
  6919 | D:7      | Found an ancient bone altar of Kikubaaqudgha.
  6974 | D:7      | Reached **** piety under Okawaru
  7333 | D:7      | Found a white marble altar of Elyvilon.
  7578 | Temple   | Entered the Ecumenical Temple
  7805 | D:8      | Noticed tp1's ghost (novice DECj)
  7822 | D:8      | Killed tp1's ghost
  7822 | D:8      | Reached skill level 9 in Shields
  7822 | D:8      | Reached XP level 10. HP: 83/86 MP: 6/9
  8031 | D:8      | Found a deep blue altar of Sif Muna.
  8910 | D:9      | Found a shimmering altar of Xom.
  9428 | D:10     | Entered Level 10 of the Dungeon
  9618 | D:10     | Reached ***** piety under Okawaru
  9693 | D:10     | Found Xauluoho's General Store.
  9693 | D:10     | Noticed a hill giant
  9704 | D:10     | Killed a hill giant
  9709 | D:10     | Bought a scroll of enchant weapon for 120 gold pieces
  9709 | D:10     | Bought a scroll of silence for 120 gold pieces
  9709 | D:10     | Bought a scroll of remove curse for 48 gold pieces
  9895 | D:11     | Reached skill level 1 in Invocations
 10224 | D:10     | Killed an unseen horror
 10393 | D:10     | Found a staircase to the Lair.
 10450 | D:10     | Reached skill level 10 in Shields
 10663 | D:11     | HP: 1/89 [slime creature (6)]
 10676 | D:11     | HP: 2/89 [ogre/giant spiked club (2)]
 10692 | D:11     | Demolished by an ogre

Action                   |  1- 3 |  4- 6 |  7- 9 | 10-12 || total
-------------------------+-------+-------+-------+-------++-------
Melee: War axe           |    81 |   150 |   334 |   208 ||   773
Invok: Heroism           |       |       |     3 |     3 ||     6
  Use: Scroll            |       |     4 |     1 |     1 ||     6
       Potion            |       |       |       |     1 ||     1
 Stab: Distracted        |       |     1 |       |       ||     1
       Sleeping          |       |       |     6 |     8 ||    14
  Eat: Chunk             |     3 |    11 |    19 |     8 ||    41
